 Dungeon Crawl Stone Soup version 0.32-a0-306-gfed3edf829 (webtiles) character file.

Game seed: 17346438834514406502

796 PriceMaster the Magician (level 7, 0/32 HPs)
             Began as a Spriggan Conjurer on Feb 15, 2024.
             Slain by gosagan's ghost (11 damage)
             ... on level 4 of the Dungeon.
             The game lasted 00:07:29 (5198 turns).

PriceMaster the Magician (Spriggan Conjurer)        Turns: 5198, Time: 00:07:30

Health: 0/32       AC:  2    Str:  3    XL:     7   Next: 58%
Magic:  14/19      EV: 18    Int: 22    God:
Gold:   214        SH:  0    Dex: 13    Spells: 14/21 levels left

rFire   . . .        q - +2 dagger (speed)
rCold   . . .        o - orb {light}
rNeg    . . .        a - +0 robe
rPois   .            (helmet restricted)
rElec   .            (no cloak)
rCorr   .            (gloves unavailable)
SInv    +            (boots unavailable)
Will    +....        (no amulet)
Stlth   +            (no ring)
HPRegen 0.25/turn    (no ring)
MPRegen 0.16/turn

%: no passive effects
@: very slightly contaminated, glowing, very quick
A: very small, no large weapons, unfitting armour, see invisible, speed 3
a: no special abilities


You were on level 4 of the Dungeon.
You visited 1 branch of the dungeon, and saw 4 of its levels.

You collected 214 gold pieces.

Inventory:

Hand Weapons
 q - a +2 dagger of speed (weapon)
Armour
 a - a +0 robe (worn)
 l - +0 ice dragon scales
 o - an orb of light (worn)
Jewellery
 d - an amulet of guardian spirit
 n - a ring of protection from cold
Wands
 i - a wand of charming (10)
Scrolls
 e - a scroll of noise {unknown}
 h - a scroll of fear {unknown}
 k - 2 scrolls of enchant weapon {unknown}
 m - a scroll of revelation {unknown}
 p - a scroll of blinking {unknown}
 s - a scroll of vulnerability {unknown}
Potions
 b - a potion of magic
 c - 4 potions of degeneration
 f - a potion of berserk rage
 g - a potion of heal wounds {unknown}
 r - a potion of mutation {unknown}


   Skills:
 + Level 0.1 Fighting
 + Level 4.0 Dodging
 + Level 3.6 Stealth
 + Level 0.8 Unarmed Combat
 * Level 7.8 Spellcasting
 + Level 4.7 Conjurations
 + Level 0.1 Alchemy
 + Level 0.1 Evocations


You had 14 spell levels left.
You knew the following spells:

 Your Spells              Type           Power      Damage    Failure   Level
a - Magic Dart            Conj           100%       1d8       1%          1
b - Searing Ray           Conj           58%        2d6       1%          2
c - Fulminant Prism       Conj/Alch      9%         3d7       26%         4

Your spell library contained the following spells:

 Spells                   Type           Power      Damage    Failure   Level
 Apportation              Tloc           16%        N/A       8%          1
 Jinxbite                 Hex            16%        N/A       12%         2
 Iskenderun's Mystic Bla  Conj/Tloc      19%        2d6       28%         4
 Ignite Poison            Fire/Alch      9%         N/A       58%         4
 Sticky Flame             Fire/Alch      9%         2d5       58%         4
 Alistair's Intoxication  Alch           6%         N/A       89%         5
 Ignition                 Fire           4%         3d4       100%        8


Dungeon Overview and Level Annotations

Branches:
Dungeon (4/15)
 Temple: D:4-7

Altars:
Kikubaaqudgha
Qazlal

Annotations:
D:4 1 transporter, gosagan's ghost, amateur MDMo


Innate Abilities, Weirdness & Mutations

You are very small and have problems with some larger weapons.
You are too small for most types of armour.
You have supernaturally acute eyesight. (SInv)
You cover ground extremely quickly. (Speed+++)


Message History

Confirm with . or Enter, or press ? or * to list all spells.
Aiming: Searing Ray (safe; 1% risk of failure)
Press: ? - help, Shift-Dir - straight line, f - wyvern zombie, p - bullfrog zombie
Aim: a wyvern zombie (heavily damaged, not watching you, ally target, haloed, 95% to hit)
The searing ray misses the bullfrog zombie.
The searing ray hits gosagan's ghost!
Gosagan's ghost is lightly damaged.
The searing ray hits the wyvern zombie.
The wyvern zombie is severely damaged. (Press . to maintain the ray.)
Your centaur zombie hits the wyvern zombie but does no damage.
Your centaur zombie kicks the wyvern zombie.
The bullfrog zombie hits you.
Okay, then.
You stop channelling your searing ray.
The bullfrog zombie hits you.
Your centaur zombie hits the wyvern zombie.
Your centaur zombie barely misses the wyvern zombie.
Gosagan's ghost hits you.
Casting: Searing Ray (safe; 1% risk of failure)
Confirm with . or Enter, or press ? or * to list all spells.
Aiming: Magic Dart (safe; 1% risk of failure)
Press: ? - help, Shift-Dir - straight line, f/p - wyvern zombie
Aim: a wyvern zombie (almost destroyed, ally target, haloed, 100% to hit)
The magic dart hits the wyvern zombie.
You destroy the wyvern zombie!
The bullfrog zombie completely misses you.
Gosagan's ghost misses you.
Your phantom barely misses the bullfrog zombie.
The bullfrog zombie hits you.
Casting: Magic Dart (safe; 1% risk of failure)
Confirm with . or Enter, or press ? or * to list all spells.
Aiming: Magic Dart (safe; 1% risk of failure)
Press: ? - help, Shift-Dir - straight line, f - gosagan's ghost
Aim: gosagan's ghost (lightly damaged, ally target, haloed, 100% to hit)
The magic dart hits gosagan's ghost!
Gosagan's ghost is moderately damaged.
Your centaur zombie barely misses gosagan's ghost.
Your centaur zombie kicks gosagan's ghost.
The bullfrog zombie closely misses you. Gosagan's ghost hits you!
You die...

.#.#.....)......(.....######.##.#
##.#..................# #.##..
#.#...#############..# #.##..
#.#..)#...........#..# #.###.
#.....#...........#..# ####.....
##....#..###.###..#..###.)...###
#.....#..#ß#.#ß#..#...##.......[
##..#..#......W...)#..........###
......©#.....©.Z@)$#©.###.....#
##.....#......ZW...#..# #.....#
#.##..#..#ß#.#ß#..#..# #######
##.....#..###.###..#..#
#####..#...........#..# .#
#..#..........©#..#
#####..#############..# #
#...................# #
#...................#


You could see gosagan's ghost (ally target), a bullfrog zombie (ally target), a
friendly phantom (charmed) and a friendly centaur zombie (charmed).

Vanquished Creatures
  2 ogres (D:4)
  Blork the orc (D:4)
  2 scorpions (D:4)
  A wyvern zombie (D:4)
  A howler monkey (D:2)
  Jessica (D:3)
  An iguana (D:4)
  Natasha (thrice) (D:3)
  4 gnolls (D:3)
  4 adders
  A ribbon worm (D:4)
  A dart slug (D:2)
  6 orcs
  10 ball pythons
  6 bats
  11 endoplasms
  7 giant cockroaches
  4 goblins
  4 hobgoblins
  3 quokkas (D:1)
  3 frilled lizards
  9 kobolds
  4 rats
89 creatures vanquished.

Vanquished Creatures (others)
  2 fulminant prisms (D:4)
2 creatures vanquished.

Grand Total: 91 creatures vanquished

Notes
Turn   | Place    | Note
-------+----------+-------------------------------------------
     0 | D:1      | PriceMaster the Spriggan Conjurer began the quest for the
                  | Orb.
     0 | D:1      | Reached XP level 1. HP: 9/9 MP: 5/5
   227 | D:1      | Reached XP level 2. HP: 13/13 MP: 3/6
   230 | D:1      | Learned a level 2 spell: Searing Ray
   475 | D:1      | Reached skill level 3 in Spellcasting
   548 | D:1      | Reached XP level 3. HP: 16/16 MP: 6/8
  1191 | D:2      | Found a faded altar of an unknown god.
  1557 | D:2      | Reached XP level 4. HP: 21/21 MP: 5/10
  1566 | D:2      | Learned a level 4 spell: Fulminant Prism
  1800 | D:2      | Reached skill level 4 in Spellcasting
  2062 | D:3      | Noticed Natasha
  2075 | D:3      | Killed Natasha
  2076 | D:3      | Reached XP level 5. HP: 21/24 MP: 2/12
  2704 | D:3      | Noticed Natasha
  2709 | D:3      | HP: 1/24 [Natasha/magic dart (8)]
  2710 | D:3      | Killed Natasha
  2711 | D:3      | Reached skill level 5 in Spellcasting
  3353 | D:3      | Found a stormy altar of Qazlal.
  3535 | D:3      | Noticed Jessica
  3538 | D:3      | Killed Jessica
  3539 | D:3      | Reached XP level 6. HP: 28/28 MP: 11/15
  3866 | D:3      | Noticed Natasha
  3872 | D:3      | Killed Natasha
  4209 | D:4      | Reached skill level 6 in Spellcasting
  4411 | D:4      | Found a transporter.
  4413 | D:4      | Noticed gosagan's ghost (amateur MDMo)
  4416 | D:4      | Noticed Blork the orc
  4427 | D:4      | Killed Blork the orc
  4428 | D:4      | Reached XP level 7. HP: 12/32 MP: 10/18
  4575 | D:4      | Reached skill level 7 in Spellcasting
  5044 | D:4      | Found an ancient bone altar of Kikubaaqudgha.
  5077 | D:4      | Found a transporter.
  5198 | D:4      | Slain by gosagan's ghost

Illustrated notes

Levels and vault maps discovered:
D:1:      tarquinn_simple_flora_water_f, layout_loops_ring,
          minmay_misc_feat_pillars, minmay_misc_feat_secret_circle,
          kennysheep_crisscross, minivault_25
D:2:      layout_loops_cross, ebering_ecumenical_altar_webs
D:3:      minmay_spotlight, layout_loops_corners, mainiacjoe_overflow_catwalk,
          uniq_natasha, uniq_jessica
D:4:      layout_loops_cross, kennysheep_mini_moat, gammafunk_ghost_mausoleum,
          uniq_blork_the_orc

Skill      XL: |  1  2  3  4  5  6  7 |
---------------+----------------------+-----
Conjurations   | 3 4 |  4.7
Spellcasting   | 3 4 5 6 7 |  7.8
Dodging        | 3 4 |  4.0
Fighting       | |  0.1
Stealth        | |  3.6
Unarmed Combat | |  0.8
Alchemy        | |  0.1
Evocations     | |  0.1

Action                     |  1- 3 |  4- 6 |  7- 9 || total
---------------------------+-------+-------+-------++-------
  Melee: Unarmed           |     5 |     7 |       ||    12
         Dagger            |       |     3 |     1 ||     4
   Cast: Magic Dart        |    61 |    85 |    32 ||   178
         Searing Ray       |     3 |    12 |     4 ||    19
         Fulminant Prism   |       |       |     2 ||     2
  Evoke: Wand              |       |       |     3 ||     3
    Use: Scroll            |     1 |       |     2 ||     3
         Potion            |       |     1 |       ||     1
 Armour: Robe              |     3 |    13 |     6 ||    22
         Ice dragon scales |       |    12 |       ||    12
  Dodge: Dodged            |    20 |    20 |     8 ||    48

Table legend: (Time is in decaauts)
 A = Elapsed time spent in this place.
 B = Non-inter-level travel time spent in this place.
 C = Inter-level travel time spent in this place.
 D = Time resting spent in this place.
 E = Time spent auto-exploring this place.
 F = Levels seen in this place.
 G = Mean time per level.
                   A        B        C        D        E       F      G
               +--------+--------+--------+--------+--------+-----+--------+
         Total |   4047 |   3801 |    246 |    393 |   2947 |   4 | 1011.8 |
       Dungeon |   4047 |   3801 |    246 |    393 |   2947 |   4 | 1011.8 |
               +--------+--------+--------+--------+--------+-----+--------+

Top non-repeatable levels by time:
     D:3: 1521 daAuts
     D:4: 942 daAuts
     D:1: 922 daAuts
     D:2: 660 daAuts
